Description

I didn't find this PIG's build order, so I uploaded it.

VOD

https://www.youtube.com/watch?v=osEDolFztLU&t=0s

Build Order

Get SALT Encoding   

  14  0:17  Supply Depot  
  16  0:41  Barracks  
  16  0:45  Refinery  
  17  0:55  Refinery  
  19  1:29  Reaper, Orbital Command  
  20  1:44  Factory  
  20  1:49  Supply Depot  
  20  1:50  Action  pull one worker from each refinery
  21  2:00  Reaper  
  23  2:20  Command Center  
  24  2:26  Action  pull workers to gas and saturate them
  24  2:28  Cyclone  
  26  2:36  Barracks Reactor  
  27  2:49  Starport  
  28  2:54  Supply Depot  
  28  3:02  Cyclone  
  31  3:15  Action  reapers can go scout
  32  3:26  Starport Tech Lab  
  32  3:31  Orbital Command  
  32  3:34  Marine x2  start marine production
  35  3:37  Factory Tech Lab  
  35  3:48  Raven  
  39  4:11  Siege Tank  
  46  4:15  Supply Depot x2  
  47  4:32  Raven  
  49  4:34  Interference Matrix  
  54  4:50  Command Center  
  54  4:55  Siege Tank  constant tanks production
  61  5:16  Refinery x2  
  61  5:19  Barracks x2  
  61  5:21  Engineering Bay x2  
  61  5:24  Supply Depot  
  67  5:35  Action  must have 2 tanks 2 ravens, grab them and push
  69  5:49  Action  swap barrack and starport
  71  5:56  Terran Infantry Weapons Level 1 x2  +1 upgrades
  71  5:59  Barracks x2  
  50  6:46  Barracks Reactor x2  
  50  6:48  Stimpack  
  51  6:51  Viking x2  
  62  7:09  Armory  
  78  7:35  Medivac x2  after them vikings
  85  7:45  Action  scan to know it's mech or bio
  107  8:18  Terran Infantry Weapons Level 2  +2 upgrades
  123  9:04  Action x2, Command Center  after this you want to have 8 barracks, 2 factories, also make some static defence
Spawning Tool Build Advisor. Get it on Overwolf

Go to:

Details

  • Created by: prankroker
  • Published on: Nov 11, 2024
  • Modified on: Nov 11, 2024
  • Patch: 5.0.11
  • Difficulty: Medium
Show
View Real Time Build Order
Export as new Build Order

Comments (3)

On Dec. 24, 2024, 2 a.m., thankphuoc  said:

very good

On Dec. 10, 2024, 2:24 a.m., Goldtain  said:

How might you adapt this to the new patch? Maybe make a single cyclone? Or just go straight into tank and siege the first by your main mineral line?

On Nov. 21, 2024, 3:37 a.m., Grezzo  said:

Create an account to comment!